 Dungeon Crawl Stone Soup version 0.13-a0-3104-gb5885e9 (webtiles) character file.

206 Malachi the Skirmisher (level 3, -1/28 HPs)
             Began as a Demonspawn Abyssal Knight on Sept 19, 2013.
             Was a Follower of Lugonu.
             Slain by Crazy Yiuf
             ... wielding a +2,+4 quarterstaff of chaos
              (2 damage)
             ... on Level 2 of the Dungeon.
             The game lasted 00:03:13 (1423 turns).

Malachi the Skirmisher (Demonspawn Abyssal Knight)  Turns: 1423, Time: 00:03:13

HP  -1/28        AC  8     Str 13      XL: 3   Next: 89%
MP   4/4         EV  2     Int 13      God: Lugonu [*.....]
Gold 143         SH 14     Dex 12      Spells:  0 memorised,  2 levels left

Res.Fire  : . . .   See Invis. : .   a - +2 spear {=f}
Res.Cold  : . . .   Warding    : .   e - +0 elf chain mail
Life Prot.: . . .   Conserve   : .   h - +0 dwarf shield
Res.Poison: .       Res.Corr.  : .   (no helmet)
Res.Elec. : .       Clarity    : .   (no cloak)
Sust.Abil.: . .     Spirit.Shd : .   (no gloves)
Res.Mut.  : .       Stasis     : .   (no boots)
Res.Rott. : .       Flight     : .   (no amulet)
Saprovore : . . .                    (no ring)
                                     (no ring)

@: not resistant to hostile enchantments, extremely unstealthy
A: conserve scrolls, nightstalker 1
a: Depart the Abyss, Renounce Religion


You were on level 2 of the Dungeon.
You worshipped Lugonu.
Lugonu was most pleased with you.
You were not hungry.

You visited 1 branch of the dungeon, and saw 2 of its levels.
You visited the Abyss 1 time.

You collected 123 gold pieces.

Inventory:

Hand weapons
 a - a +2,+2 spear (weapon) {=f}
 i - a +3,+1 short sword
Armour
 b - a +0 leather armour
 e - a +0 elven chain mail (worn)
 h - a +0 dwarven shield (worn)
Comestibles
 j - a meat ration
 n - a bread ration
Scrolls
 d - 3 scrolls of identify
 l - a scroll of recharging {unknown}
 m - a scroll of enchant armour {unknown}
Potions
 c - a potion of curing {unknown}
 g - a potion of paralysis {unknown}
 k - a potion of speed {unknown}


   Skills:
 + Level 3.7 Fighting
 + Level 2.3 Polearms
 + Level 2.5 Armour
 + Level 1.3 Dodging
 + Level 0.1 Shields
 + Level 2.5 Invocations


You had 2 spell levels left.
You didn't know any spells.

Dungeon Overview and Level Annotations

Branches:
Dungeon (2/27)

Altars:

Annotations:
D:2 Crazy Yiuf


Innate Abilities, Weirdness & Mutations

You are very good at protecting items from fire.
You are slightly more attuned to the shadows.


Message History

Crazy Yiuf is lightly wounded.
Crazy Yiuf hits you with a quarterstaff of chaos!
You convulse!
You hit Crazy Yiuf but do no damage.
Crazy Yiuf is lightly wounded.
You block Crazy Yiuf's attack.
You hit Crazy Yiuf but do no damage.
Crazy Yiuf is lightly wounded.
Crazy Yiuf hits you with a quarterstaff of chaos.
* * * LOW HITPOINT WARNING * * *
You are too injured to fight recklessly!
You hit Crazy Yiuf.
Crazy Yiuf is moderately wounded.
Crazy Yiuf hits you but does no damage.
You hit Crazy Yiuf.
Crazy Yiuf is moderately wounded.
Crazy Yiuf hits you with a quarterstaff of chaos.
* * * LOW HITPOINT WARNING * * *
Crazy Yiuf freezes you.
You die...

### ######## #..
### ###.#.)))###
#..
#...##..#.))))).#
#..
#...g@####))))..##
#.. #)..###
##))))..###.. ###
######..##.(
##..#.. ##.'..
###.. ###


You could see Crazy Yiuf.

Vanquished Creatures
  2 adders (D:2)
  A worm (D:2)
  3 giant geckos (D:1)
  An ooze (D:1)
  A ball python (D:1)
  4 bats
  3 giant cockroaches
  4 hobgoblins
  2 giant newts
  4 goblins
  2 goblin zombies (D:1)
  3 kobolds
  4 rats (D:1)
34 creatures vanquished.

Vanquished Creatures (others)
  A goblin (D:2)
1 creature vanquished.

Grand Total: 35 creatures vanquished

Notes
Turn   | Place    | Note
--------------------------------------------------------------
     0 | Abyss:1  | Malachi, the Demonspawn Abyssal Knight, began the quest for the Orb.
     0 | Abyss:1  | Reached XP level 1. HP: 16/16 MP: 1/1
    10 | Abyss:1  | Noticed an orange demon
    10 | D:1      | Escaped the Abyss
   178 | D:1      | Reached skill level 1 in Dodging
   206 | D:1      | Gained mutation: You are very good at protecting items from fire. [demonic ancestry]
   206 | D:1      | Reached XP level 2. HP: 15/22 MP: 2/2
   327 | D:1      | Acquired Lugonu's first power
   881 | D:2      | Gained mutation: You are slightly more attuned to the shadows. [demonic ancestry]
   881 | D:2      | Reached XP level 3. HP: 25/28 MP: 4/4
  1415 | D:2      | Noticed Crazy Yiuf
  1423 | D:2      | HP: 1/28 [Crazy Yiuf/quarterstaff of chaos (6)]
  1423 | D:2      | Slain by Crazy Yiuf

Action                   || total
-------------------------++-------
Melee: Spear             ||   142
Invok: Depart the Abyss  ||     1
  Use: Scroll            ||     4
